 Dungeon Crawl Stone Soup version 0.27-a0-883-g39567a0c06 (webtiles) character file.

Game seed: 5666749542748362406

86 Gildeon the Chopper (level 4, -1/39 HPs)
             Began as a Minotaur Fighter on Apr 3, 2021.
             Slain by a water moccasin (5 damage)
             ... on level 3 of the Dungeon.
             The game lasted 00:03:36 (2427 turns).

Gildeon the Chopper (Minotaur Fighter)              Turns: 2427, Time: 00:03:37

Health: -1/39      AC:  6    Str: 20 (21) XL:     4   Next: 27%
Magic:  3/3        EV:  7    Int:  2 (5)  God:
Gold:   126        SH:  9    Dex:  7 (10) Spells: 3/3 levels left

rFire    . . .     SeeInvis .   a - +0 war axe
rCold    . . .     Faith    .   c - +0 kite shield
rNeg     . . .     Spirit   .   b - +0 scale mail
rPois    +         Reflect  .   (helmet restricted)
rElec    .         Harm     .   (no cloak)
rCorr    .         Rampage  .   (no gloves)
Will     .....                  (no boots)
Stlth    ..........             (no amulet)
HPRegen  0.13/turn              j - ring of poison resistance
MPRegen  0.08/turn              (no ring)

@: lethally poisoned (-1 -> -8), flying
A: horns 2, retaliatory headbutt
a: no special abilities


You were on level 3 of the Dungeon.
You visited 1 branch of the dungeon, and saw 3 of its levels.

You collected 126 gold pieces.

Inventory:

Hand Weapons
 a - a +0 war axe (weapon)
 l - a +1 vorpal mace
 s - a +0 morningstar
Armour
 b - a +0 scale mail (worn)
 c - a +0 kite shield (worn)
Jewellery
 j - a ring of poison resistance (left hand)
 m - a +6 ring of intelligence
Scrolls
 e - a scroll of amnesia {unknown}
 g - 2 scrolls of fog {unknown}
 h - a scroll of enchant armour {unknown}
 q - 3 scrolls of identify {unknown}
 t - a scroll of silence {unknown}
Potions
 d - a potion of might
 f - 2 potions of degeneration
 i - a potion of brilliance {unknown}
 k - a potion of curing {unknown}
 n - a potion of magic {unknown}
 o - a potion of haste {unknown}
 p - a potion of ambrosia {unknown}


   Skills:
 - Level 3.6 Fighting
 + Level 5.5 Axes
 - Level 3.6 Armour
 - Level 3.6 Shields


You had 3 spell levels left.
You didn't know any spells.
Your spell library was empty.

Dungeon Overview and Level Annotations

Branches:
Dungeon (3/15)

Altars:


Innate Abilities, Weirdness & Mutations

You have a pair of horns on your head.
You reflexively headbutt those who attack you in melee.


Message History

Found a stone staircase leading down.
f - 3 grey potions (gained 1)
t - a scroll labelled JUCUAGREUT You open the door.
There is an open door here.
A water moccasin comes into view.
The water moccasin hisses angrily.
You barely miss the water moccasin. The water moccasin bites you.
The water moccasin barely misses you. You furiously retaliate!
You headbutt the water moccasin. You slash the water moccasin!
The water moccasin is heavily wounded.
You block the water moccasin's attack. The water moccasin bites you!
You closely miss the water moccasin.
The water moccasin is heavily wounded.
The water moccasin bites you. x2
You barely miss the water moccasin.
The water moccasin is heavily wounded.
The water moccasin bites you. x2
You are lethally poisoned!
The water moccasin poisons you!
You closely miss the water moccasin.
You headbutt the water moccasin, but do no damage.
The water moccasin is heavily wounded.
* * * LOW HITPOINT WARNING * * *
You feel very sick. You block the water moccasin's attack.
The water moccasin bites you.
* * * LOW HITPOINT WARNING * * *
It was a potion of degeneration.
There was something very wrong with that liquid.
You feel weakened.
You feel dopey.
You feel clumsy.
* * * LOW HITPOINT WARNING * * *
You feel sick. You block the water moccasin's attack.
It was a potion of flight.
You feel very buoyant.
You fly up into the air.
* * * LOW HITPOINT WARNING * * *
You feel very sick. You block the water moccasin's attack.
The water moccasin bites you.
You die...

####### #.....#
########.###.#
#.....S@.#...#
#.########.###
#...# ###.#
.########.#
..........#
########..#####..
#.......#
#.#####.#


You could see a water moccasin.

Vanquished Creatures
  2 adders (D:2)
  2 worms (D:2)
  3 dart slugs (D:2)
  3 bats (D:2)
  5 endoplasms
  6 goblins
  6 hobgoblins
  4 jackals (D:1)
  2 quokkas (D:1)
  4 ball pythons
  6 frilled lizards
  4 kobolds
  10 rats
57 creatures vanquished.

Notes
Turn   | Place    | Note
-------+----------+-------------------------------------------
     0 | D:1      | Gildeon the Minotaur Fighter began the quest for the Orb.
     0 | D:1      | Reached XP level 1. HP: 19/19 MP: 0/0
   142 | D:1      | Reached skill level 3 in Axes
   274 | D:1      | Reached XP level 2. HP: 26/26 MP: 1/1
   652 | D:1      | Reached skill level 4 in Axes
   831 | D:1      | Reached XP level 3. HP: 24/31 MP: 2/2
  1316 | D:2      | Reached skill level 5 in Axes
  1562 | D:2      | Reached XP level 4. HP: 29/39 MP: 3/3
  2419 | D:3      | Noticed a water moccasin
  2427 | D:3      | Slain by a water moccasin

Illustrated notes

Levels and vault maps discovered:
D:1:      dpeg_arrival_prison, layout_loops_corners
D:2:      minmay_inner_zag, layout_basic
D:3:      minmay_general_purpose_star, layout_basic, tgw_sif,
          shapermc_ecumenical_altar_notcrosses, serial_glass, glass_columns_c,
          glass_columns_c

Skill      XL: |  1  2  3 |
---------------+----------+-----
Axes           | 3 4 5 |  5.5
Fighting       | |  3.6
Armour         | |  3.6
Shields        | |  3.6

Action                   |  1- 3 |  4- 6 || total
-------------------------+-------+-------++-------
Melee: War axe           |    80 |    39 ||   119
       Headbutt          |    10 |     9 ||    19
  Use: Potion            |       |     2 ||     2
Armor: Scale mail        |    29 |    17 ||    46
Dodge: Dodged            |    26 |    10 ||    36
Block: Kite shield       |    41 |    26 ||    67

Table legend: (Time is in decaauts)
 A = Elapsed time spent in this place.
 B = Non-inter-level travel time spent in this place.
 C = Inter-level travel time spent in this place.
 D = Time resting spent in this place.
 E = Time spent auto-exploring this place.
 F = Levels seen in this place.
 G = Mean time per level.
                   A        B        C        D        E       F      G
               +--------+--------+--------+--------+--------+-----+--------+
         Total |   2486 |   2389 |     97 |      0 |   1996 |   3 |  828.7 |
       Dungeon |   2486 |   2389 |     97 |      0 |   1996 |   3 |  828.7 |
               +--------+--------+--------+--------+--------+-----+--------+

Top non-repeatable levels by time:
     D:1: 1218 daAuts
     D:2: 1004 daAuts
     D:3: 263 daAuts
